 Dungeon Crawl Stone Soup version 0.31.0-9-g3a7656b989 (webtiles) character file.

Game seed: 13956031323100856301

126 dialectric the Cudgeller (level 5, -1/32 HPs)
             Began as a Gargoyle Fighter on Jan 24, 2024.
             Was a Follower of Okawaru.
             Slain by Edmund
             ... wielding a +2 heavy dire flail
              (16 damage)
             ... on level 4 of the Dungeon.
             The game lasted 00:03:35 (2448 turns).

dialectric the Cudgeller (Gargoyle Fighter)         Turns: 2448, Time: 00:03:36

Health: -1/32      AC: 14    Str: 22    XL:     5   Next: 10%
Magic:  5/5        EV:  8    Int:  8    God:    Okawaru [*.....]
Gold:   199        SH:  0    Dex: 21    Spells: 4/4 levels left

rFire   . . .        q - +4 mace
rCold   . . .        (no shield)
rNeg    + . .        g - +0 chain mail
rPois   ∞            (no helmet)
rElec   +            C - +0 cloak
rCorr   .            (no gloves)
SInv    .            (no boots)
Will    .....        (no amulet) Stlth
                     t - +6 ring of dexterity
HPRegen 0.25/turn    u - +6 ring of dexterity
MPRegen 0.09/turn

%: no passive effects
@: mighty
A: sickness immunity, AC +4, negative energy resistance 1, electricity
resistance, torment resistance 1, petrification resistance
a: Renounce Religion, Heroism


You were on level 4 of the Dungeon.
You worshipped Okawaru.
Okawaru was aware of your devotion.
You visited 1 branch of the dungeon, and saw 4 of its levels.

You collected 199 gold pieces.

Inventory:

Hand Weapons
 a - a +0 flail
 k - a +0 dagger of venom
 q - a +4 mace (weapon)
Missiles
 o - 6 poisoned darts (quivered)
Armour
 c - a +0 buckler
 g - a +0 chain mail (worn)
 j - a +0 kite shield
 C - a +0 cloak (worn)
Jewellery
 t - a +6 ring of dexterity (left hand)
 u - a +6 ring of dexterity (right hand)
Talismans
 e - a talisman of death
 f - a flux talisman
Scrolls
 h - 2 scrolls of blinking {unknown}
 m - a scroll of brand weapon {unknown}
 n - 2 scrolls of teleportation
 p - a scroll of torment {unknown}
 r - 2 scrolls of silence {unknown}
 v - a scroll of revelation {unknown}
 w - a scroll of identify {unknown}
 x - a scroll of amnesia {unknown}
 y - a scroll of enchant armour {unknown}
 A - a scroll of enchant weapon {unknown}
 B - a scroll of fear {unknown}
Potions
 b - 2 potions of mutation {unknown}
 i - 3 potions of curing {unknown}
 l - 2 potions of ambrosia {unknown}
 s - a potion of lignification {unknown}
 z - a potion of attraction {unknown}


   Skills:
 - Level 3.3 Fighting
 * Level 4.4 Maces & Flails
 + Level 4.1 Armour
 * Level 0.3 Dodging
 - Level 3.3 Shields


You had 4 spell levels left.
You didn't know any spells.
Your spell library was empty.

Dungeon Overview and Level Annotations

Branches:
Dungeon (4/15)
 Temple: D:4-7

Altars:
Elyvilon
Okawaru
Qazlal

Annotations:
D:4 Edmund


Innate Abilities, Weirdness & Mutations

You are immune to sickness and miasma.
Your stone body is resilient. (AC +4)
You are immune to poison.
You resist negative energy. (rN+)
You are resistant to electric shocks. (rElec)
You are resistant to unholy torment.
You are immune to petrification.


Message History

No target in view!
Found a stone staircase leading up.
No target in view!
There is a stone staircase leading up here.
Things that are here:
a +0 falchion; a hobgoblin corpse
Found a hand axe.
You see here a +0 hand axe.
Key pressed, stopping explore.
No target in view!
No target in view!
Edmund the Younger comes into view.
He is wielding a +2 heavy dire flail.
Edmund shouts!
You hear an angry hiss.
You hit Edmund.
Edmund is lightly wounded.
Edmund barely misses you.
Edmund is nearby!
Edmund is nearby!
You sock Edmund!
Edmund is moderately wounded.
A ball python comes into view.
Edmund hits you but does no damage.
You hit Edmund.
Edmund is moderately wounded.
Edmund hits you with a +2 heavy dire flail!
You closely miss Edmund.
Edmund is moderately wounded.
You hit Edmund.
Edmund is moderately wounded.
Edmund hits you with a +2 heavy dire flail.
You are too injured to fight recklessly!
Unknown command.
You feel very mighty all of a sudden. Edmund completely misses you.
You sock Edmund!
Edmund is heavily wounded.
Edmund hits you with a +2 heavy dire flail!
Ouch! That really hurt!
You die...
Edmund whines, "They better pay attention to me now!"

# .# .. ####.#.##
#S....... #@# #@# .
#.# .. ########.#
#.#.#..##
.........##..........
.#######.......#
.....
.......).#######
#...# ..######.#
#.... #.# #...# #.#
#...# #


You could see Edmund and a ball python.

Vanquished Creatures
  Jessica (D:3)
  A gnoll (D:1)
  An adder (D:2)
  3 dart slugs
  4 ribbon worms
  5 endoplasms
  5 giant cockroaches
  5 hobgoblins
  2 jackals (D:1)
  4 quokkas
  3 ball pythons
  6 bats
  5 frilled lizards
  8 goblins
  5 kobolds
  3 rats
61 creatures vanquished.

Notes
Turn   | Place    | Note
-------+----------+-------------------------------------------
     0 | D:1      | dialectric the Gargoyle Fighter began the quest for the
                  | Orb.
     0 | D:1      | Reached XP level 1. HP: 14/14 MP: 1/1
   187 | D:1      | Reached XP level 2. HP: 10/19 MP: 2/2
   329 | D:1      | Found a faded altar of an unknown god.
   332 | D:1      | Reached XP level 3. HP: 23/23 MP: 3/3
   360 | D:1      | Prayed at the altar of an unknown god.
   360 | D:1      | Became a worshipper of Warmaster Okawaru
   360 | D:1      | Reached * piety under Okawaru
  1015 | D:2      | Reached XP level 4. HP: 28/28 MP: 4/4
  1786 | D:3      | Found a stormy altar of Qazlal.
  1887 | D:3      | Noticed Jessica
  1891 | D:3      | Killed Jessica
  1987 | D:3      | Reached XP level 5. HP: 32/32 MP: 5/5
  2230 | D:4      | Found a white marble altar of Elyvilon.
  2440 | D:4      | Noticed Edmund
  2448 | D:4      | Slain by Edmund

Illustrated notes

Levels and vault maps discovered:
D:1:      spicycebolla_arrival_xxxplode, layout_loops_cross,
          hellmonk_ecumenical_altar_crossroads
D:2:      layout_loops_ring, chequers_big_river
D:3:      layout_loops_ring, overflow_temple_1_default, uniq_jessica
D:4:      layout_loops_cross, grunt_temple_overflow_cloverleaf,
          elyvilon_altar_5, uniq_edmund

Skill      XL: |  1  2  3  4 |
---------------+-------------+-----
Maces & Flails | 3 4 |  4.4
Armour         | 4 |  4.1
Fighting       | |  3.3
Dodging        | |  0.3
Shields        | |  3.3

Action                     |  1- 3 |  4- 6 || total
---------------------------+-------+-------++-------
  Melee: Flail             |    97 |     9 ||   106
         Dagger            |     7 |       ||     7
         Punch             |     1 |       ||     1
         Mace              |       |    68 ||    68
    Use: Scroll            |       |     1 ||     1
         Potion            |       |     1 ||     1
 Armour: Chain mail        |    75 |    47 ||   122
  Dodge: Dodged            |    39 |    40 ||    79
